Map: Glittering Ashes LE

Players

Trap - Winner!

  • Race: Protoss Protoss

Ryung

  • Race: Terran Terran
  • League: Master

Event: DreamHack SC2 Masters Last Chance 2022

VOD

Have the link to the VOD?

Description

Time

  • Played on: Dec. 15, 2021, 6:28 a.m.
  • Length: 9:56

All games in this series

Show
View Real Time Build Order
Export as new Build Order

Trap Protoss - Winner!

Build Orders: Blink Stalkers 

Get SALT Encoding   

  12  0:00  Probe  
  13  0:12  Probe  
  14  0:16  Pylon  
  14  0:24  Probe (Chrono Boost)  
  16  0:36  Gateway, Probe (Chrono Boost)  
  16  0:43  Probe (Chrono Boost)  
  16  0:45  Assimilator  
  17  0:50  Probe  
  18  1:03  Probe  
  19  1:15  Probe  
  20  1:22  Cybernetics Core  
  22  1:28  Probe  
  22  1:29  Pylon  
  23  1:45  Probe  
  22  1:49  Nexus  
  22  1:54  Assimilator  
  22  1:56  Adept (Chrono Boost)  
  22  2:00  Probe  
  25  2:04  Warp Gate  
  25  2:13  Probe  
  26  2:20  Twilight Council  
  26  2:25  Probe  
  26  2:27  Stalker (Chrono Boost)  
  28  2:37  Probe  
  29  2:49  Probe  
  30  3:01  Stalker, Blink (Chrono Boost)  
  30  3:02  Probe (Chrono Boost)  
  34  3:07  Probe (Chrono Boost)  
  34  3:11  Probe (Chrono Boost)  
  35  3:14  Gateway  
  35  3:15  Probe (Chrono Boost)  
  35  3:17  Probe  
  37  3:25  Robotics Facility  
  37  3:27  Probe  
  37  3:29  Probe  
  39  3:38  Gateway  
  39  3:39  Probe  
  40  3:41  Probe  
  41  3:50  Pylon  
  41  3:51  Probe  
  41  3:52  Stalker  
  41  3:53  Probe  
  45  4:03  Probe  
  45  4:08  Probe  
  47  4:11  Nexus  
  47  4:14  Observer  
  48  4:18  Zealot  
  48  4:20  Probe x2  
  46  4:32  Stalker  
  46  4:34  Stalker  
  46  4:36  Probe (Chrono Boost)  
  52  4:42  Probe (Chrono Boost)  
  52  4:43  Pylon  
  52  4:48  Probe (Chrono Boost)  
  52  4:51  Probe (Chrono Boost)  
  54  4:53  Pylon  
  54  4:58  Forge  
  54  5:01  Observer, Probe  
  54  5:02  Probe, Charge  
  57  5:10  Stalker x2  
  57  5:14  Probe (Chrono Boost)  
  63  5:18  Probe (Chrono Boost), Pylon  
  63  5:23  Probe (Chrono Boost)  
  63  5:26  Probe (Chrono Boost)  
  63  5:28  Probe (Chrono Boost)  
  65  5:30  Probe  
  65  5:35  Protoss Ground Weapons Level 1 (Chrono Boost)  
  65  5:37  Probe  
  65  5:40  Probe  
  62  5:47  Stalker  
  62  5:48  Stalker, Zealot  
  68  5:51  Gateway  
  68  5:52  Gateway  
  68  5:56  Gateway  
  68  6:00  Gateway  
  68  6:01  Gateway  
  68  6:02  Warp Prism (Chrono Boost)  
  68  6:08  Shield Battery  
  70  6:11  Probe x2  
  70  6:12  Probe  
  70  6:14  Pylon  
  70  6:17  Shield Battery  
  69  6:22  Zealot, Sentry x2  
  75  6:28  Probe x3  
  75  6:31  Immortal  
  78  6:33  Pylon  
  78  6:43  Shield Battery  
  78  6:45  Zealot x2  
  78  6:46  Zealot, Shield Battery  
  88  6:51  Zealot x2  
  92  6:55  Zealot x2  
  92  6:57  Pylon  
  92  6:59  Pylon  
  89  7:01  Probe x2  
  89  7:02  Probe  
  91  7:12  Zealot x3  
  91  7:13  Probe  
  91  7:15  Zealot  
  94  7:27  Stalker x4  
  97  7:34  Probe x3  
  97  7:36  Immortal  
  102  7:42  Zealot x2  
  102  7:43  Zealot  
  93  7:50  Stalker  
  81  7:51  Zealot  
  81  7:52  Probe x3  
  81  7:57  Protoss Ground Armor Level 1 (Chrono Boost), Stalker  
  81  7:58  Zealot  
  88  8:02  Zealot x2  
  88  8:04  Probe  
  93  8:08  Zealot x2  
  93  8:10  Probe x2  
  99  8:19  Assimilator  
  99  8:20  Assimilator  
  99  8:24  Stalker  
  101  8:28  Zealot x2  
  101  8:29  Zealot x2  
  109  8:39  Sentry  
  109  8:40  Zealot x2  
  114  8:44  Probe x3  
  117  8:50  Immortal (Chrono Boost)  
  117  8:52  Pylon  
  117  8:54  Assimilator  
  117  8:55  Pylon  
  121  8:56  Probe x3  
  121  9:01  Photon Cannon  
  124  9:05  Pylon  
  124  9:16  Zealot  
  124  9:17  Stalker, Zealot x5  
  130  9:19  Stalker  
  123  9:38  Stalker x2  
  123  9:39  Stalker, Zealot x2  
  123  9:42  Zealot x2  
Show
View Real Time Build Order
Export as new Build Order

Ryung Terran 

Build Orders: 1/1/1 

Get SALT Encoding   

  12  0:00  SCV  
  13  0:12  SCV  
  14  0:17  Supply Depot  
  14  0:24  SCV  
  15  0:38  SCV  
  15  0:40  Barracks  
  16  0:44  Refinery  
  16  0:50  SCV  
  16  0:56  Refinery  
  17  1:02  SCV  
  18  1:15  SCV  
  19  1:27  Reaper, Orbital Command  
  20  1:44  Factory  
  20  1:45  Supply Depot  
  20  1:53  SCV  
  21  2:05  SCV  
  22  2:17  Command Center  
  22  2:19  SCV  
  23  2:29  Starport, Widow Mine  
  25  2:33  SCV  
  26  2:37  Barracks Reactor  
  26  2:45  SCV  
  26  2:46  Supply Depot  
  29  2:51  Widow Mine  
  29  2:57  SCV  
  29  3:06  Medivac  
  29  3:10  SCV  
  32  3:13  Widow Mine  
  32  3:15  Marine x2  
  36  3:22  SCV  
  37  3:29  Orbital Command  
  37  3:33  Marine x2  
  39  3:35  Factory Tech Lab  
  39  3:37  SCV  
  39  3:40  Starport Tech Lab  
  40  3:49  SCV, Orbital Command  
  40  3:51  Marine x2  
  40  3:54  Siege Tank  
  46  4:03  SCV  
  46  4:04  Refinery  
  47  4:10  Marine x2  
  47  4:14  Raven, Barracks  
  51  4:23  SCV x2  
  51  4:35  Supply Depot, SCV x2, Siege Tank  
  54  4:44  Supply Depot  
  54  4:45  Bunker  
  54  4:50  Engineering Bay  
  54  4:55  Barracks  
  54  4:57  SCV x2  
  56  5:02  Marine x2  
  58  5:09  SCV x2  
  58  5:12  Stimpack  
  58  5:14  Starport Reactor  
  60  5:17  Terran Infantry Weapons Level 1  
  60  5:21  SCV x2, Factory Reactor, Marine x2  
  60  5:22  Marine  
  60  5:27  Refinery  
  60  5:42  SCV x2  
  59  5:43  Marine x2  
  59  5:49  Combat Shield  
  64  5:50  Marauder x2  
  64  5:54  Supply Depot  
  64  5:55  Supply Depot  
  64  5:56  SCV x2  
  66  6:00  Medivac  
  66  6:01  Medivac  
  70  6:15  Marine x2  
  70  6:17  Supply Depot x2  
  74  6:18  Marauder  
  74  6:19  Marauder, Widow Mine  
  74  6:21  Widow Mine  
  74  6:23  SCV  
  74  6:24  SCV  
  82  6:33  Medivac x2  
  82  6:38  Marine x2  
  88  6:42  SCV  
  88  6:43  Supply Depot  
  88  6:46  Widow Mine, Supply Depot  
  93  6:47  Widow Mine  
  93  6:52  Marauder, Concussive Shells  
  97  6:54  Marauder  
  97  6:56  SCV x2  
  99  7:03  Marine x2  
  101  7:08  SCV x2  
  101  7:13  Marine  
  101  7:15  Marine  
  102  7:21  Marine x2  
  97  7:26  Widow Mine x2  
  82  7:31  Marine  
  82  7:33  Marine  
  78  7:37  SCV x2  
  78  7:38  Marine  
  78  7:39  Marine  
  73  7:49  Marine  
  73  7:51  Marine  
  66  7:56  Marine x2  
  65  8:00  SCV x2  
  65  8:02  Viking  
  65  8:05  Medivac  
  71  8:07  Marine  
  71  8:08  Marine  
  73  8:14  Marine x2  
  73  8:18  Widow Mine  
  77  8:24  Marine  
  77  8:26  Marine  
  79  8:28  Widow Mine  
  79  8:32  Marine x2  
  83  8:42  Marine  
  83  8:44  Marine  
  83  8:45  Medivac x2  
  89  8:50  Marine x2  
  89  8:52  Widow Mine  
  93  8:59  Widow Mine  
  93  9:00  Marine  
  93  9:02  Marine  
  97  9:07  Marine  
  97  9:08  Marine  
  95  9:18  Marine  
  95  9:20  Marine  
  93  9:25  Marine  
  93  9:26  Marine  
  87  9:36  Marine  
  87  9:37  Marine  

Tags
 
Add a new tag
Caveats
  • Supply blocks, unpowered buildings, or Contaminate may cause inaccurate times.
  • Supply counts are checked every 10 seconds.